Map: [ESL] Babylon

Players

Classic

  • Race: Protoss Protoss

Lambo - Winner!

  • Race: Zerg Zerg

Event: IEM Katowice 2023

VOD

Have the link to the VOD?

Description

Time

  • Played on: Feb. 10, 2023, 10:17 a.m.
  • Length: 11:49

All games in this series

Show
View Real Time Build Order
Export as new Build Order

Classic Protoss 

Build Orders: 1 Gate Expand, Mass Adepts 

Get SALT Encoding   

  12  0:00  Probe  
  13  0:13  Pylon  
  13  0:17  Probe (Chrono Boost)  
  14  0:27  Probe (Chrono Boost)  
  15  0:32  Probe (Chrono Boost)  
  16  0:39  Gateway  
  16  0:44  Probe  
  17  0:50  Assimilator  
  17  0:56  Probe  
  18  1:08  Probe  
  19  1:20  Probe  
  20  1:26  Nexus  
  20  1:33  Probe  
  21  1:42  Cybernetics Core  
  21  1:45  Probe  
  22  1:50  Assimilator  
  22  1:56  Pylon  
  22  1:58  Probe  
  23  2:14  Probe  
  24  2:15  Adept (Chrono Boost)  
  24  2:21  Twilight Council  
  26  2:26  Probe  
  26  2:28  Warp Gate  
  27  2:38  Stalker  
  27  2:39  Probe (Chrono Boost)  
  27  2:40  Probe (Chrono Boost)  
  30  2:49  Probe (Chrono Boost)  
  30  2:50  Probe (Chrono Boost)  
  32  2:54  Probe (Chrono Boost)  
  32  2:55  Probe (Chrono Boost)  
  34  3:04  Robotics Facility  
  34  3:05  Probe  
  35  3:06  Probe  
  35  3:08  Adept  
  38  3:14  Gateway  
  40  3:22  Gateway  
  40  3:25  Gateway  
  40  3:26  Resonating Glaives (Chrono Boost)  
  38  3:29  Probe x2  
  40  3:38  Adept  
  42  3:45  Probe x2  
  42  3:48  Warp Prism (Chrono Boost)  
  44  3:52  Pylon  
  46  4:06  Pylon  
  46  4:13  Pylon  
  48  4:18  Adept x3  
  48  4:21  Adept  
  54  4:31  Probe x2  
  54  4:32  Assimilator  
  54  4:34  Pylon  
  56  4:41  Adept x4  
  56  4:43  Probe  
  56  4:44  Probe  
  66  4:48  Robotics Bay  
  66  4:57  Probe x2  
  68  5:05  Adept x4  
  74  5:14  Assimilator, Probe  
  74  5:15  Probe  
  74  5:17  Pylon  
  77  5:28  Observer (Chrono Boost)  
  77  5:31  Probe  
  78  5:43  Nexus  
  78  5:45  Pylon, Adept  
  78  5:46  Disruptor (Chrono Boost)  
  78  5:49  Gravitic Drive  
  83  5:52  Probe x2  
  83  5:54  Pylon  
  85  6:10  Disruptor (Chrono Boost)  
  88  6:14  Adept x4  
  88  6:16  Pylon  
  88  6:18  Forge, Probe  
  97  6:33  Probe x2  
  97  6:35  Adept  
  97  6:36  Pylon  
  101  6:44  Adept x2  
  104  6:50  Adept  
  104  6:53  Probe x2 (Chrono Boost)  
  108  6:55  Pylon  
  108  6:57  Adept  
  108  6:58  Probe (Chrono Boost)  
  108  6:59  Protoss Ground Weapons Level 1  
  111  7:04  Adept  
  111  7:06  Adept  
  111  7:08  Probe x3 (Chrono Boost)  
  118  7:13  Adept  
  118  7:15  Probe x2  
  116  7:23  Colossus (Chrono Boost)  
  108  7:30  Probe  
  108  7:31  Probe x2  
  108  7:32  Pylon  
  111  7:39  Extended Thermal Lance  
  111  7:41  Assimilator  
  111  7:43  Probe x2  
  97  8:00  Stalker x4  
  97  8:03  Assimilator, Blink  
  97  8:04  Probe x3  
  104  8:07  Colossus (Chrono Boost)  
  104  8:11  Shield Battery  
  106  8:18  Gateway  
  106  8:20  Gateway  
  106  8:24  Gateway  
  106  8:26  Gateway  
  106  8:30  Sentry x2, Stalker x2  
  114  8:40  Nexus  
  114  8:42  Pylon  
  114  8:44  Colossus (Chrono Boost)  
  120  8:58  Protoss Ground Weapons Level 2 (Chrono Boost)  
  120  9:06  Stalker x4  
  128  9:10  Pylon  
  128  9:17  Stalker x2  
  128  9:21  Stalker x2  
  133  9:38  Probe x3  
  122  9:44  Sentry x2  
  126  9:45  Stalker  
  126  9:46  Stalker x4  
  126  9:50  Stalker  
  138  9:56  Probe x4  
  91  10:24  Disruptor (Chrono Boost)  
  91  10:26  Probe x4  
  94  10:31  Stalker  
  94  10:32  Stalker x6  
  108  10:39  Robotics Facility, Stalker  
  110  10:51  Probe x4  
  110  10:52  Disruptor  
  113  11:04  Stalker x5  
  111  11:16  Stalker x3  
  88  11:29  Stalker x4  
  88  11:31  Zealot  
  78  11:34  Zealot x5  
Show
View Real Time Build Order
Export as new Build Order

Lambo Zerg - Winner!

Build Orders: Hatch First 

Get SALT Encoding   

  12  0:00  Drone  
  13  0:12  Overlord  
  13  0:16  Drone  
  14  0:30  Drone x2  
  16  0:42  Drone  
  17  0:52  Hatchery  
  17  0:55  Drone  
  17  0:58  Drone  
  18  1:09  Extractor  
  17  1:13  Spawning Pool  
  17  1:16  Drone  
  17  1:19  Drone  
  18  1:27  Drone  
  19  1:39  Drone  
  20  1:50  Overlord  
  20  1:59  Queen  
  22  2:04  Queen  
  22  2:05  Drone, Zergling x2  
  26  2:10  Zergling x2  
  26  2:12  Metabolic Boost  
  26  2:14  Drone  
  28  2:21  Drone  
  29  2:26  Drone  
  30  2:36  Hatchery  
  29  2:41  Drone  
  30  2:49  Overlord, Drone  
  30  2:50  Drone  
  32  2:56  Queen  
  34  2:59  Drone  
  34  3:04  Spore Crawler  
  35  3:06  Drone  
  35  3:08  Queen  
  35  3:11  Drone  
  39  3:15  Overlord  
  39  3:19  Drone x2  
  41  3:21  Drone  
  41  3:26  Drone x2  
  44  3:30  Overlord  
  44  3:38  Drone x2  
  44  3:39  Queen  
  44  3:41  Drone  
  49  3:45  Drone x2  
  49  3:48  Drone  
  52  3:52  Roach Warren  
  52  3:55  Queen  
  51  3:58  Drone  
  51  3:59  Drone  
  51  4:01  Overlord  
  55  4:08  Zergling x6  
  58  4:11  Zergling x6  
  58  4:14  Overlord  
  61  4:23  Overlord  
  61  4:24  Zergling x4  
  63  4:31  Spore Crawler  
  63  4:34  Roach x5  
  63  4:38  Roach x2  
  76  4:40  Spore Crawler  
  77  4:46  Extractor  
  77  4:47  Roach  
  77  4:48  Zergling x12  
  77  4:51  Overlord  
  84  4:53  Overlord  
  78  5:00  Evolution Chamber  
  78  5:02  Roach  
  78  5:03  Roach  
  81  5:11  Roach  
  81  5:12  Zergling x4  
  78  5:16  Zergling x4  
  78  5:20  Overlord  
  80  5:25  Drone  
  80  5:26  Drone x2  
  84  5:28  Drone x2  
  86  5:35  Drone x3  
  86  5:36  Drone  
  86  5:40  Spore Crawler  
  88  5:44  Spore Crawler x2  
  88  5:45  Drone  
  88  5:46  Drone  
  88  5:49  Drone  
  89  5:52  Drone x2  
  89  5:53  Drone  
  92  5:59  Lair  
  92  6:00  Drone x3  
  92  6:01  Drone  
  97  6:05  Drone x2  
  97  6:07  Drone x2  
  97  6:09  Drone  
  97  6:10  Extractor  
  101  6:11  Extractor  
  101  6:12  Drone  
  101  6:16  Drone  
  101  6:17  Drone x3  
  105  6:19  Extractor  
  105  6:21  Roach  
  105  6:24  Ravager, Evolution Chamber  
  105  6:25  Ravager  
  107  6:27  Roach x2  
  107  6:30  Roach  
  113  6:39  Overlord  
  113  6:40  Overlord  
  113  6:41  Overlord  
  113  6:43  Overlord  
  113  6:46  Overlord  
  113  6:49  Overlord  
  113  6:57  Queen x2  
  113  6:59  Roach x6  
  124  7:03  Roach x2  
  124  7:06  Glial Reconstitution, Roach  
  130  7:10  Roach x2  
  130  7:13  Roach x2  
  130  7:15  Roach  
  138  7:18  Roach  
  138  7:22  Roach x3  
  136  7:27  Roach  
  119  7:40  Drone x6  
  119  7:43  Roach Warren  
  124  7:47  Drone x3  
  124  7:50  Drone x2  
  127  7:59  Drone x5  
  131  8:05  Drone x2  
  131  8:10  Extractor, Zerg Missile Weapons Level 1  
  131  8:11  Baneling Nest  
  131  8:15  Drone x2  
  131  8:18  Ravager  
  131  8:19  Ravager  
  135  8:22  Hatchery  
  135  8:23  Roach x3  
  140  8:27  Drone  
  140  8:28  Drone x4  
  140  8:32  Infestation Pit  
  144  8:34  Queen  
  144  8:40  Drone x2  
  147  8:45  Roach  
  147  8:46  Roach x2  
  153  8:52  Overlord  
  153  8:53  Overlord x2  
  153  8:54  Overlord  
  153  8:56  Overlord  
  153  8:57  Overlord  
  153  8:59  Overlord  
  153  9:01  Drone  
  152  9:03  Drone  
  152  9:06  Baneling x5  
  152  9:07  Overlord x2  
  152  9:09  Centrifugal Hooks  
  153  9:11  Overlord  
  153  9:16  Overlord  
  155  9:18  Roach  
  155  9:22  Hive  
  155  9:23  Ravager x6  
  160  9:25  Zergling x6  
  160  9:29  Roach x2  
  165  9:33  Roach  
  165  9:37  Roach  
  164  9:38  Ravager  
  164  9:39  Roach  
  164  9:41  Queen x2  
  164  9:42  Zergling x2  
  172  9:46  Roach x2, Zergling x2  
  172  9:50  Zergling x6  
  180  9:54  Roach x2, Zergling x2  
  180  9:58  Baneling x7  
  185  10:01  Drone x2  
  185  10:05  Zergling x2  
  181  10:07  Zergling x6  
  181  10:12  Roach  
  147  10:15  Roach  
  147  10:17  Roach  
  147  10:18  Roach x3  
  147  10:20  Roach x2  
  136  10:23  Roach x2  
  136  10:25  Zergling x4  
  136  10:28  Ravager  
  143  10:29  Ravager  
  143  10:31  Roach  
  143  10:34  Roach  
  143  10:35  Roach x2  
  152  10:37  Zergling x6  
  152  10:38  Baneling  
  152  10:39  Baneling x3  
  152  10:40  Baneling x2  
  152  10:41  Baneling  
  152  10:42  Baneling  
  155  10:43  Zergling x2  
  155  10:48  Roach x3  
  159  10:51  Roach x2, Zergling x2  
  164  11:01  Zergling x14  
  164  11:02  Extractor, Zergling x2  
  167  11:09  Zergling x6  
  166  11:12  Roach x3  
  150  11:18  Viper x2  
  150  11:20  Roach x5  
  150  11:22  Roach  
  153  11:27  Roach x2  
  153  11:29  Ravager  

Tags
 
Add a new tag
Caveats
  • Supply blocks, unpowered buildings, or Contaminate may cause inaccurate times.
  • Supply counts are checked every 10 seconds.